 Dungeon Crawl Stone Soup version 0.18-a0-455-gc7d4c65 (webtiles) character file.

100 Duffy the Chopper (level 4, -1/37 HPs)
             Began as a Ghoul Gladiator on Dec 1, 2015.
             Slain by Alethiolet's ghost (8 damage)
             ... on level 3 of the Dungeon.
             The game lasted 00:03:12 (2459 turns).

Duffy the Chopper (Ghoul Gladiator)                 Turns: 2459, Time: 00:03:12

Health: -1/37      AC:  7    Str: 18    XL:     4   Next: 73%
Magic:  3/3        EV: 11    Int:  1    God:
Gold:   82         SH:  0    Dex: 10    Spells: 0 memorised, 3 levels left

rFire  . . .     SeeInvis .     a - +0 war axe
rCold  + . .     Clarity  .     r - +0 ring mail
rNeg   + + +     SustAt   .     (no shield)
rPois  ∞         Gourm    .     k - +1 helmet
rElec  .         Spirit   .     (no cloak)
rCorr  .         Dsmss    .     (no gloves)
rMut   .         Stasis   .     (no boots)
MR     .....                    (no amulet)
Stlth  ..........               (no ring)
                                h - -2 ring of intelligence (curse)

@: rotting, not resistant to hostile enchantments, extremely unstealthy
A: rotting body, claws 1, carnivore 3, cold resistance 1, negative energy
resistance 3, slow regeneration 1, torment resistance, unbreathing
a: no special abilities


You were on level 3 of the Dungeon.
You were not hungry.

You visited 1 branch of the dungeon, and saw 3 of its levels.

You collected 82 gold pieces.


Innate Abilities, Weirdness & Mutations

Your body is rotting away.
You thrive on raw meat.
You are immune to poison.
You have sharp fingernails.
You are carnivorous and can eat meat at any time.
Your flesh is cold resistant.
You are immune to negative energy.
You regenerate slowly when monsters are visible.
You are immune to unholy pain and torment.
You can survive without breathing.


   Skills:
 + Level 2.9 Fighting
 + Level 4.5 Axes
 - Level 1.8 Throwing
 - Level 2.6 Dodging


You had 3 spell levels left.
You didn't know any spells.

Inventory:

Hand Weapons
 a - a +0 war axe (weapon)
Missiles
 d - 3 throwing nets (quivered)
Armour
 b - a +0 leather armour
 c - a +0 helmet
 k - a +1 helmet (worn)
 r - a +0 ring mail (worn)
Jewellery
 g - an uncursed ring of ice {unknown}
 h - a cursed -2 ring of intelligence (left claw)
Scrolls
 f - a scroll of enchant weapon {unknown}
 i - a scroll of magic mapping {unknown}
 j - 3 scrolls of identify {unknown}
 l - a scroll of fear {unknown}
Potions
 m - a potion of heal wounds {unknown}
 o - a potion of might {unknown}
Books
 q - a book of Enchantments
Comestibles
 e - 3 meat rations
 n - 8 chunks of flesh
 p - a slice of pizza

Dungeon Overview and Level Annotations

Branches:
Dungeon (3/15)

Altars:
Dithmenos

Annotations:
D:3 Alethiolet's ghost, amateur FoFi


Message History

You throw a throwing net.
The throwing net barely misses Alethiolet's ghost.
Alethiolet's ghost hits you but does no damage.
Throwing (i - inventory):
d - 2 throwing nets (quivered)
Press: ? - help, Shift-Dir - straight line, f/p - Alethiolet's ghost
Aim: Alethiolet's ghost You throw a throwing net.
The throwing net hits Alethiolet's ghost.
The net passes right through Alethiolet's ghost!
Alethiolet's ghost barely misses you.
Throwing (i - inventory):
d - a throwing net (quivered)
Press: ? - help, Shift-Dir - straight line, f/p - Alethiolet's ghost
Aim: Alethiolet's ghost You throw a throwing net.
The throwing net hits Alethiolet's ghost.
The net passes right through Alethiolet's ghost!
Alethiolet's ghost hits you! Alethiolet's ghost stares at you.
An orc comes into view. It is wielding a dagger.
The orc shouts!
Found a scroll labeled WYGHEGYMAUB.
Alethiolet's ghost says, "You can hit me, but you can't hurt me."
Alethiolet's ghost barely misses you. Alethiolet's ghost hits you!
You see here 3 throwing nets.
d - 3 throwing nets Alethiolet's ghost hits you but does no damage.
Things that are here:
a dagger; a goblin skeleton You see here a scroll labeled WYGHEGYMAUB.
j - 3 scrolls labeled WYGHEGYMAUB (gained 1) Alethiolet's ghost hits you!
Found a fuming ruby potion.
Alethiolet's ghost hits you!
You die...

####.......# ...#
#####..........# ...#
%..............##...#
...........####.....#
................#...####
....................!..#
%............###.......#
.%)...........o.W##....#
..............#.@......#
..............#........#
.....)...............?.#
...........#.#.........#
...#...#####.%.........#
.....#.# #>..<........#
....#.........#).......#
...#......#..###.#.#####
.....##.#....##..# #


You could see Alethiolet's ghost and an orc.

Action                   |  1- 3 |  4- 6 || total
-------------------------+-------+-------++-------
Melee: War axe           |    94 |    69 ||   163
Throw: Throwing net      |       |     3 ||     3
  Eat: Chunk             |     5 |       ||     5

Notes
Turn   | Place    | Note
--------------------------------------------------------------
     0 | D:1      | Duffy the Ghoul Gladiator began the quest for the Orb.
     0 | D:1      | Reached XP level 1. HP: 17/17 MP: 0/0
   131 | D:1      | Reached skill level 3 in Axes
   281 | D:1      | Reached XP level 2. HP: 24/24 MP: 1/1
   754 | D:2      | Reached XP level 3. HP: 7/29 MP: 2/2
   982 | D:2      | Found a shadowy altar of Dithmenos.
  1335 | D:2      | Reached skill level 4 in Axes
  1538 | D:2      | Reached XP level 4. HP: 35/37 MP: 3/3
  2111 | D:3      | Noticed Alethiolet's ghost (amateur FoFi)
  2459 | D:3      | Slain by Alethiolet's ghost

Vault maps used:
D:1:      dpeg_arrival_rhombus
D:2:      grunt_dithmenos_smoke, roderic_serpentine_path
D:3:      minmay_joined_circles

Vanquished Creatures
  4 adders
  4 worms
  4 bats
  3 giant cockroaches
  6 goblins
  5 hobgoblins
  4 jackals
  2 quokkas
  2 giant geckos
  3 giant newts
  4 kobolds
  8 rats
49 creatures vanquished.
